 Dungeon Crawl Stone Soup version 0.28.0-53-g5a82cb258f (webtiles) character file.

Game seed: 12541957940705589584

4926 Kranky the Spear-Bearer (level 10, -4/91 HPs)
             Began as a Minotaur Berserker on June 18, 2022.
             Was an Elder of Trog.
             Slain by a skeletal warrior
             ... wielding a +0 long sword
              (24 damage)
             ... on level 7 of the Dungeon.
             The game lasted 00:15:23 (9010 turns).

Kranky the Spear-Bearer (Minotaur Berserker)        Turns: 9010, Time: 00:15:24

Health: -4/91      AC: 10    Str: 27    XL:     10   Next: 27%
Magic:  9/9        EV: 13    Int:  4    God:    Trog [****..]
Gold:   158        SH:  0    Dex:  9    Spells: 9/9 levels left

rFire   . . .      SeeInvis .   p - +1 glaive (venom)
rCold   . . .      Faith    .   (shield currently unavailable)
rNeg    . . .      Spirit   .   s - +1 acid dragon scales
rPois   .          Reflect  .   (helmet restricted)
rElec   .          Harm     .   j - +0 cloak
rCorr   +          Rampage  .   (no gloves)
Will    ++...                   (no boots)
Stlth   +.........              (no amulet)
HPRegen 1.25/turn               (no ring)
MPRegen 0.11/turn               (no ring)

@: strong-willed, regenerating, slowed, very slow
A: horns 2, retaliatory headbutt
a: Renounce Religion, Berserk, Trog's Hand, Brothers in Arms


You were on level 7 of the Dungeon.
You worshipped Trog.
Trog was greatly pleased with you.
You visited 2 branches of the dungeon, and saw 8 of its levels.

You collected 254 gold pieces.
You spent 96 gold pieces at shops.

Inventory:

Hand Weapons
 a - a +0 spear
 p - a +1 glaive of venom (weapon)
Armour
 j - a +0 cloak (worn)
 s - +1 acid dragon scales (worn)
Wands
 e - a wand of paralysis (8)
 o - a wand of iceblast (4)
 r - a wand of digging (2)
Scrolls
 c - 5 scrolls of identify
 d - 3 scrolls of teleportation {unknown}
 g - a scroll of noise {unknown}
 h - a scroll of amnesia {unknown}
 i - 2 scrolls of fear {unknown}
 n - 2 scrolls of enchant armour {unknown}
Potions
 b - 2 potions of lignification
 l - a potion of heal wounds
 m - a potion of curing
 q - a potion of haste {unknown}


   Skills:
 + Level 9.5 Fighting
 + Level 12.2 Polearms
 + Level 1.2 Throwing
 + Level 8.7 Armour
 + Level 6.4 Dodging


You had 9 spell levels left.
You didn't know any spells.
Your spell library was empty.

Dungeon Overview and Level Annotations

Branches:
Dungeon (7/15)             Temple (1/1) D:4

Altars:
Ashenzari
Cheibriados
Dithmenos
Elyvilon
Fedhas
Gozag
Hepliaklqana
Kikubaaqudgha
Makhleb
Nemelex Xobeh
Okawaru
Qazlal
Ru
Sif Muna
Trog
Uskayaw
Vehumet
Wu Jian
Xom
Yredelemnul
Zin
The Shining One

Shops:
D:4 ![*


Innate Abilities, Weirdness & Mutations

You have a pair of horns on your head.
You reflexively headbutt those who attack you in melee.


Message History

You feel as though you will be slow longer.
The skeletal warrior hits you with a +0 long sword.
The wraith closely misses you.
You hit the wraith but do no damage. You headbutt the wraith.
The wraith is lightly damaged.
The wraith hits you but does no damage.
You hit the wraith but do no damage. Your headbutt misses the wraith.
The wraith is lightly damaged.
The wraith barely misses you. The wraith hits you but does no damage.
You slash the wraith!
The wraith is heavily damaged.
The wraith hits you. The wraith drains your vigour!
You feel as though you will be slow longer.
The wraith misses you.
You hit the wraith.
You headbutt the wraith, but do no damage.
The wraith is severely damaged.
The wraith misses you. You furiously retaliate!
You headbutt the wraith.
Your skin crawls.
You feel strong-willed. The wraith barely misses you.
The wraith completely misses you.
You slice the wraith!!
You destroy the wraith!
Trog accepts your kill.
The skeletal warrior hits you with a +0 long sword!!
* * * LOW HITPOINT WARNING * * *
You hit the skeletal warrior.
The skeletal warrior is lightly damaged.
The skeletal warrior hits you with a +0 long sword.
* * * LOW HITPOINT WARNING * * *
You slice the skeletal warrior!!
You headbutt the skeletal warrior, but do no damage.
The skeletal warrior is heavily damaged.
The skeletal warrior hits you but does no damage.
The skeletal warrior hits you with a +0 long sword.
* * * LOW HITPOINT WARNING * * *
You hit the skeletal warrior. You headbutt the skeletal warrior.
The skeletal warrior is heavily damaged.
The skeletal warrior hits you with a +0 long sword!!
You die...

....).)..........# #..........
###.)#.)..#### ###
####..####..#.
#..#.)..##########.......>..###
#..........##......##..####..#.
#.......##..#.#.##.##..####....
######..............#..[....###
#..###########.#.......#
#..#..#.z##[.#.#######.# #..#
#..#@.#.#.## ####.###
#..##..####.#...###.......
#..##.# #.##............ #.#
##.#.###........ ## #
##.###........ ## .
#..##†.......
#..#.#..##........
#..#..##........
##.##......#######


You could see a skeletal warrior.

Vanquished Creatures
  Pikel (D:4)
  Maggie (D:6)
  A hornet (D:6)
  Prince Ribbit (D:6)
  3 wraiths (D:7)
  Eustachio (D:4)
  Menkaure (D:5)
  A water moccasin (D:7)
  2 orc warriors
  2 sky beasts
  A black bear (D:4)
  A hornet zombie (D:5)
  2 necrophages
  A centaur (D:5)
  4 ogres
  A phantom (D:6)
  A scorpion (D:5)
  Blork the orc (D:5)
  3 bullfrogs
  A wyvern zombie (D:5)
  4 jellies
  A vampire bat (D:3)
  2 wights (D:5)
  4 howler monkeys
  A bullfrog zombie (D:5)
  A human zombie (D:5)
  2 centaur zombies (D:5)
  4 orc priests
  2 hounds
  Jessica (D:2)
  2 centaur skeletons
  2 iguanas
  A bullfrog skeleton (D:3)
  Ijyb (D:5)
  Natasha (thrice) (D:4)
  4 orc wizards
  Terence (D:2)
  A killer bee zombie (D:4)
  2 mummies (D:5)
  A howler monkey zombie (D:4)
  Robin (D:4)
  3 adders (D:3)
  2 shadow imps
  2 white imps
  An ufetubus (D:6)
  An adder zombie (D:5)
  An adder skeleton (D:4)
  A worm (D:2)
  3 dart slugs
  3 fire bats (D:3)
  19 orcs
  2 spectral bats (D:3)
  13 bats
  3 bat skeletons (D:3)
  A bat zombie (D:3)
  5 endoplasms
  3 giant cockroaches
  21 goblins
  9 hobgoblins
  3 jackals (D:3)
  3 kobolds
  4 quokkas
  8 ball pythons
  A bat simulacrum (D:3)
  6 rats
189 creatures vanquished.

Notes
Turn   | Place    | Note
-------+----------+-------------------------------------------
     0 | D:1      | Kranky the Minotaur Berserker began the quest for the Orb.
     0 | D:1      | Reached XP level 1. HP: 19/19 MP: 0/0
   183 | D:1      | Reached XP level 2. HP: 27/27 MP: 1/1
   246 | D:1      | Reached skill level 4 in Polearms
   473 | D:1      | Found a faded altar of an unknown god.
   656 | D:1      | Reached ** piety under Trog
   748 | D:1      | Reached XP level 3. HP: 33/33 MP: 2/2
  1298 | D:2      | Noticed Terence
  1310 | D:2      | Killed Terence
  1481 | D:2      | Noticed Jessica
  1488 | D:2      | Killed Jessica
  1489 | D:2      | Reached skill level 5 in Polearms
  1489 | D:2      | Reached XP level 4. HP: 19/41 MP: 3/3
  1653 | D:2      | Found an opulent altar of Gozag.
  1992 | D:3      | Reached XP level 5. HP: 12/47 MP: 4/4
  2632 | D:3      | Found a broken altar of Ashenzari.
  2698 | D:3      | Reached *** piety under Trog
  2701 | D:3      | Reached skill level 5 in Fighting
  2966 | D:3      | Reached XP level 6. HP: 51/56 MP: 5/5
  2968 | D:3      | Reached skill level 6 in Polearms
  3504 | D:4      | Reached skill level 5 in Armour
  3611 | D:4      | Found a staircase to the Ecumenical Temple.
  3675 | D:4      | Reached XP level 7. HP: 60/61 MP: 6/6
  3708 | D:4      | Found Qisad's Antique Armour Shop.
  3731 | D:4      | Noticed Robin
  3744 | D:4      | Killed Robin
  3928 | D:4      | Found an ornate altar of the Wu Jian Council.
  4035 | D:4      | Found Qitz's General Store.
  4224 | D:4      | Reached skill level 7 in Polearms
  4274 | D:4      | Noticed Natasha
  4281 | D:4      | Killed Natasha
  4301 | D:4      | Noticed Eustachio
  4334 | D:4      | Killed Eustachio
  4627 | D:4      | Found Sadot's Distillery.
  4644 | D:4      | Bought a potion of heal wounds for 60 gold pieces
  4644 | D:4      | Bought a potion of curing for 36 gold pieces
  4925 | Temple   | Entered the Ecumenical Temple
  5009 | D:4      | Noticed Natasha
  5024 | D:4      | Killed Natasha
  5116 | D:4      | Noticed Natasha
  5128 | D:4      | Killed Natasha
  5129 | D:4      | Reached XP level 8. HP: 70/70 MP: 7/7
  5232 | D:5      | Entered Level 5 of the Dungeon
  5354 | D:5      | Noticed Menkaure
  5365 | D:5      | Killed Menkaure
  5366 | D:5      | Reached skill level 8 in Polearms
  5821 | D:5      | Noticed Pikel
  6049 | D:4      | Killed Pikel
  6050 | D:4      | Reached skill level 9 in Polearms
  6050 | D:4      | Reached skill level 5 in Dodging
  6282 | D:5      | Reached **** piety under Trog
  6290 | D:5      | Reached skill level 1 in Throwing
  6292 | D:5      | Noticed Ijyb
  6324 | D:5      | Reached XP level 9. HP: 45/79 MP: 8/8
  6567 | D:5      | Killed Ijyb
  6959 | D:5      | Found an ancient bone altar of Kikubaaqudgha.
  7030 | D:5      | Noticed Blork the orc
  7043 | D:5      | Killed Blork the orc
  7556 | D:6      | Reached skill level 10 in Polearms
  7813 | D:6      | Noticed Maggie
  7819 | D:6      | Killed Maggie
  7904 | D:6      | Found a shadowy altar of Dithmenos.
  7921 | D:6      | Reached skill level 11 in Polearms
  7949 | D:6      | Noticed Prince Ribbit
  7953 | D:6      | Killed Prince Ribbit
  8219 | D:6      | Found a shimmering blue altar of Sif Muna.
  8347 | D:7      | Reached XP level 10. HP: 91/91 MP: 9/9
  8740 | D:7      | Found a hide-covered altar of Uskayaw.
  8743 | D:7      | Found a glowing golden altar of the Shining One.
  8746 | D:7      | Found a shimmering altar of Xom.
  8948 | D:7      | Reached skill level 12 in Polearms
  8995 | D:7      | Noticed a skeletal warrior
  9010 | D:7      | Slain by a skeletal warrior

Illustrated notes

Levels and vault maps discovered:
D:1:      minmay_arrival_floating_metal, layout_basic,
          chequers_ecumenical_altar_twisty, minivault_19, minmay_misc_feat_cross
D:2:      layout_rooms, basic_altar, uniq_terence, uniq_jessica
D:3:      layout_loops_cross, general_overflow_altar,
          kennysheep_decorative_pillar, goddamned_bats
D:4:      layout_layer_cave, nicolae_wu_jian_glorious_leap,
          minmay_temple_entry_slanted, serial_shops, shop, shop,
          nicolae_lakefront_shop, uniq_natasha, uniq_robin, uniq_eustachio
D:5:      layout_loops_ring, lemuel_mausoleum_altar_kikubaaqudgha,
          uniq_menkaure, uniq_ijyb, uniq_blork_the_orc, uniq_pikel
D:6:      layout_loops_ring, tgw_sif, mainiacjoe_overflow_six_doors_small,
          minmay_crossroads, uniq_maggie, uniq_prince_ribbit1
D:7:      layout_loops_cross, grunt_temple_overflow_diamond,
          hangedman_glass_teeth, minmay_guarded_unrand_finisher
Temple:   cyrus_circular_temple

Skill      XL: |  1  2  3  4  5  6  7  8  9 10 |
---------------+-------------------------------+-----
Fighting       | 4 5 6 7 9 |  9.5
Polearms       | 4 5 6 7 9 11 12 | 12.2
Armour         | 3 4 5 6 7 8 |  8.7
Dodging        | 3 4 5 6 |  6.4
Throwing       | 1 |  1.2

Action                   |  1- 3 |  4- 6 |  7- 9 | 10-12 || total
-------------------------+-------+-------+-------+-------++-------
Melee: Spear             |    87 |   150 |   323 |       ||   560
       Headbutt          |     6 |    21 |    70 |    15 ||   112
       Punch             |       |     2 |     4 |       ||     6
       Glaive            |       |       |    52 |    69 ||   121
Throw: Throwing net      |       |       |     1 |       ||     1
Invok: Berserk           |       |     1 |     1 |       ||     2
       Trog's Hand       |       |       |     1 |     1 ||     2
  Use: Scroll            |       |       |     4 |       ||     4
       Potion            |       |       |     1 |       ||     1
 Stab: Sleeping          |     2 |       |       |       ||     2
Armor: Animal skin       |     5 |       |       |       ||     5
       Ring mail         |     4 |    52 |    69 |       ||   125
       Acid dragon scale |       |       |     6 |    22 ||    28
Dodge: Dodged            |    29 |    84 |   142 |    35 ||   290
